 Dungeon Crawl Stone Soup version 0.21.1-1-g345015fe64 (webtiles) character file.

6763 Jannitor the Nimble (level 10, -6/58 HPs)
             Began as a Spriggan Abyssal Knight on May 15, 2018.
             Was a Believer of Lugonu.
             Killed from afar by a ynoxinul (44 damage)
             ... with an iron shot
             ... on level 1 of the Abyss on May 16, 2018.
             The game lasted 00:26:00 (12769 turns).

Jannitor the Nimble (Spriggan Abyssal Knight)      Turns: 12769, Time: 00:26:01

Health: -6/58      AC:  4    Str: 11    XL:     10   Next: 75%
Magic:  17/17      EV: 27    Int: 14    God:    Lugonu [**....]
Gold:   651        SH:  0    Dex: 16    Spells: 5/9 levels left

rFire    . . .     SeeInvis +   p - +2 short sword (venom)
rCold    . . .     Gourm    .   (shield restricted)
rNeg     + + .     Faith    .   j - +1 robe {rN+}
rPois    .         Spirit   .   (helmet restricted)
rElec    .         Reflect  .   g - +0 cloak
rCorr    +         Harm     .   (gloves unavailable)
MR       +....                  (boots unavailable)
Stlth    +++.......             (no amulet)
HPRegen  0.19/turn              e - ring of positive energy
MPRegen  0.15/turn              m - ring of resist corrosion

@: very quick
A: very small, unfitting armour, hooves 1, see invisible, herbivore, speed 3,
robust 1, slow metabolism 2, sturdy frame 1
a: Depart the Abyss, Bend Space, Renounce Religion


You were on level 1 of the Abyss.
You worshipped Lugonu.
Lugonu was pleased with you.
You were not hungry.

You visited 1 branch of the dungeon, and saw 10 of its levels.
You visited the Abyss 2 times.

You collected 771 gold pieces.
You spent 120 gold pieces at shops.

Inventory:

Hand Weapons
 a - a +2 short sword
 p - a +2 short sword of venom (weapon)
 t - a +0 shortbow
 G - the +6 war axe of Tiky {flame, +Inv rPois rF+ rC-}
   (You found it on level 9 of the Dungeon)

   It has been specially enchanted to burn those struck by it, causing extra
   injury to most foes and up to half again as much damage against particularly
   susceptible opponents.
   Big, fiery blades are also staple armaments of hydra-hunters.
   It protects you from fire.
   It makes you vulnerable to cold.
   It protects you from poison.
   It lets you turn invisible.
Missiles
 f - 122 arrows
Armour
 b - a +0 robe
 g - a +0 cloak (worn)
 j - a +1 robe of positive energy (worn)
Jewellery
 e - a ring of positive energy (left hand)
 m - a ring of resist corrosion (right hand)
 r - an uncursed ring of wizardry
 s - an uncursed ring of magical power
 y - an uncursed ring of fire
 A - an uncursed ring of protection from fire
Wands
 n - a wand of flame (8)
 q - a wand of random effects (18)
 E - a wand of digging (13)
 H - a wand of polymorph (14)
Scrolls
 h - 9 scrolls of identify
 k - 3 scrolls of remove curse
 l - 2 scrolls of teleportation
 o - a scroll of magic mapping
 v - 2 scrolls of enchant weapon
Potions
 d - a potion of cancellation
 u - a potion of flight
 x - a potion of mutation
 z - a potion of resistance
 B - a potion of invisibility
 D - a potion of ambrosia {unknown}
Books
 C - a book of Enchantments

   Spells                             Type                      Level
   a - Cause Fear                     Hexes                        4
   b - Yara's Violent Unravelling     Hexes/Transmutation          5
   c - Silence                        Hexes/Air                    5
   d - Deflect Missiles               Charms/Air                   6
   e - Discord                        Hexes                        8
Comestibles
 c - 11 rations


   Skills:
 + Level 6.8 Fighting
 - Level 8.3 Short Blades
 - Level 10.9 Dodging
 + Level 4.4 Stealth
 + Level 4.7 Hexes
 + Level 9.2 Invocations


You had 5 spell levels left.
You knew the following spells:

 Your Spells              Type           Power        Failure   Level  Hunger
a - Cause Fear            Hex            ##........   38%         4    #####..


Dungeon Overview and Level Annotations

Branches:
Dungeon (10/15)            Temple (0/1) D:6            Lair (0/6) D:10
    Orc: D:9-12

Altars:
Cheibriados
Elyvilon
Gozag
Sif Muna
Uskayaw
Wu Jian
Xom

Shops:
D:6 *(   D:9 (

Annotations:
D:4 Saeniel's ghost, novice DsBe
Abyss:1 Joseph


Innate Abilities, Weirdness & Mutations

You are very small and have problems with some larger weapons.
You are too small for most types of armour.
You have supernaturally acute eyesight. (SInv)
You are a herbivore.
You cover ground extremely quickly.
You need consume almost no food.
You have large cloven feet.
You are robust. (+10% HP)
Your movements are slightly less encumbered by armour. (ER -2)


Message History

Okay, then.
Unknown command.
The ynoxinul bellows!
You hit the ynoxinul but do no damage. You closely miss the ynoxinul.
The ynoxinul gestures at you. The iron shot misses you.
You hit the ynoxinul but do no damage. You kick the ynoxinul.
The ynoxinul is lightly wounded.
The ynoxinul gestures at you. The iron shot hits you!
You hit the ynoxinul. Your kick misses the ynoxinul.
The ynoxinul is lightly wounded.
The ynoxinul gestures.
The ufetubus completely misses you. The ufetubus misses you.
The ufetubus completely misses you. x2
The ynoxinul gestures at you. The iron shot hits you!
Ouch! That really hurt!
You die...

#.....#.
###......
.#.....#
#......
##.....#
#.#....##
#...55..#
.#.@...#
.#.#...3#...#
..#.....## #
#.........#
.##.#..#..#
#..#....##
#.#..###'##
...##.....#
#### .....#


You could see a ynoxinul and 2 ufetubi.

Vanquished Creatures
  An orange demon (Abyss:1)
  A hornet (D:8)
  Prince Ribbit (D:9)
  A hippogriff (D:7)
  A hungry ghost (D:9)
  An ice beast (D:5)
  2 orc warriors (D:6)
  2 black bears
  4 ogres
  2 phantoms (D:5)
  2 centaurs
  A crocodile (D:8)
  4 big kobolds (D:6)
  3 bullfrogs
  A water moccasin zombie (D:5)
  2 scorpions
  A wyvern skeleton (D:6)
  4 howler monkeys
  An electric eel (D:6)
  A bullfrog zombie (D:8)
  A centaur zombie (D:8)
  3 crimson imps (D:5)
  4 hounds
  A jelly (D:5)
  A quasit (D:9)
  5 orc priests
  A gnoll shaman (D:8)
  10 orc wizards
  2 bullfrog skeletons
  3 iguanas
  7 worker ants
  A hound zombie (D:5)
  A hound skeleton (D:8)
  A howler monkey zombie (D:5)
  12 gnolls
  11 adders
  6 shadow imps
  An ufetubus (Abyss:1)
  2 oozes
  2 adder skeletons
  A worm (D:3)
  2 dart slugs (D:1)
  6 leopard geckos
  42 orcs
  A ball python (D:6)
  4 bats
  8 giant cockroaches
  36 goblins
  24 hobgoblins
  10 jackals
  A quokka (D:6)
  4 frilled lizards
  12 kobolds
  7 rats
269 creatures vanquished.

Vanquished Creatures (others)
  A two-headed ogre (D:6)
  2 thrashing horrors (Abyss:1)
  The ghost of Ryomija the Cleaver, a novice MiFi of Okawaru (D:6)
  A large abomination (Abyss:1)
  A hydra zombie (Abyss:1)
  A hellwing (Abyss:1)
  2 hornets (D:8)
  A wyvern (D:8)
  An orc warrior (D:7)
  A hound (D:8)
  An iguana (D:5)
  2 worker ants (D:5)
  3 adders (D:5)
  A jackal (D:5)
  A lurking horror (Abyss:1)
  2 starspawn tentacles (Abyss:1)
22 creatures vanquished.

Grand Total: 291 creatures vanquished

Notes
Turn   | Place    | Note
-------+----------+-------------------------------------------
     0 | Abyss:1  | Jannitor the Spriggan Abyssal Knight began the quest for the Orb.
     0 | Abyss:1  | Reached XP level 1. HP: 11/11 MP: 3/3
    13 | Abyss:1  | Found a corrupted altar of Lugonu.
    70 | Abyss:2  | Gained mutation: You have large cloven feet. [potion of mutation]
    70 | Abyss:2  | Gained mutation: You are robust. (+10% HP) [potion of mutation]
    70 | Abyss:2  | Gained mutation: Your movements are slightly less encumbered by armour. (ER -2) [potion of mutation]
    76 | Abyss:2  | Noticed a large abomination
    83 | Abyss:2  | Noticed a large abomination
    87 | Abyss:2  | Noticed a rakshasa
   105 | Abyss:2  | Noticed a thrashing horror
   106 | D:1      | Escaped the Abyss
   251 | D:1      | Reached * piety under Lugonu
   409 | D:1      | Reached XP level 2. HP: 10/17 MP: 4/4
   875 | D:1      | Reached skill level 4 in Dodging
  1114 | D:2      | Reached XP level 3. HP: 14/20 MP: 5/5
  1403 | D:2      | Reached ** piety under Lugonu
  1548 | D:2      | HP: 1/20 [poisoned by a worker ant]
  1955 | D:2      | Reached XP level 4. HP: 25/25 MP: 6/6
  2786 | D:3      | Found an opulent altar of Gozag.
  2862 | D:3      | Reached skill level 5 in Dodging
  2862 | D:3      | Reached XP level 5. HP: 17/30 MP: 8/8
  3047 | D:3      | Found an ornate altar of the Wu Jian Council.
  3387 | D:3      | Found a deep blue altar of Sif Muna.
  3527 | D:4      | Reached *** piety under Lugonu
  3715 | D:4      | Reached XP level 6. HP: 32/35 MP: 9/9
  3792 | D:4      | Noticed Saeniel's ghost (novice DsBe)
  4051 | D:5      | Entered Level 5 of the Dungeon
  4104 | D:5      | Noticed an ice beast
  4123 | D:5      | Reached skill level 6 in Dodging
  4135 | D:5      | Killed an ice beast
  4135 | D:5      | Reached XP level 7. HP: 29/40 MP: 9/11
  4384 | D:5      | Found a shimmering altar of Xom.
  4459 | D:5      | Found a hide-covered altar of Uskayaw.
  4508 | D:5      | Got a scorched falchion
  4511 | D:5      | Identified the cursed +2 falchion of Misery {slice, Dex+2} (You found it on level 5 of the Dungeon)
  4561 | D:5      | Reached skill level 5 in Short Blades
  4635 | D:5      | Reached skill level 7 in Dodging
  4908 | D:5      | Found a white marble altar of Elyvilon.
  4908 | D:5      | Found a snail-covered altar of Cheibriados.
  5064 | D:6      | Noticed Ryomija's ghost (novice MiFi)
  5064 | D:6      | Reached **** piety under Lugonu
  5157 | D:6      | Reached XP level 8. HP: 46/46 MP: 12/12
  5161 | D:6      | Reached skill level 5 in Invocations
  5342 | D:6      | Found Egroq's General Store.
  5355 | D:6      | Bought a potion of resistance for 120 gold pieces
  5553 | D:6      | Reached skill level 8 in Dodging
  5854 | D:6      | Reached ***** piety under Lugonu
  6102 | D:6      | Reached skill level 5 in Fighting
  6362 | D:6      | Noticed a two-headed ogre
  6603 | D:6      | Found a staircase to the Ecumenical Temple.
  6605 | D:6      | Found a faded altar of an unknown god.
  6608 | D:6      | Banished Ryomija's ghost
  6743 | D:6      | Banished a two-headed ogre
  6743 | D:6      | Reached skill level 9 in Dodging
  6743 | D:6      | Reached XP level 9. HP: 44/51 MP: 9/14
  6763 | D:6      | Found Jufoung's Antique Weapon Boutique.
  8248 | D:7      | Found an opulent altar of Gozag.
  8376 | D:7      | Learned a level 4 spell: Cause Fear
  8430 | D:7      | Got an iridescent spear {drain}
  8431 | D:7      | Identified the cursed +3 spear of the Purple Skies {drain, +Fly rC+ Str+2 Stlth-} (You took it off an orc priest on level 7 of the Dungeon)
  8619 | D:7      | Reached skill level 1 in Hexes
  9233 | D:8      | Reached skill level 10 in Dodging
  9546 | D:8      | Reached XP level 10. HP: 20/58 MP: 17/17
 10894 | D:9      | Noticed Joseph
 10904 | D:9      | Banished Joseph
 11134 | D:9      | Reached skill level 1 in Stealth
 11291 | D:9      | Found Sappyxie's Weapon Boutique.
 11293 | D:9      | Noticed Prince Ribbit
 11322 | D:9      | Killed Prince Ribbit
 11329 | D:9      | Got a shimmering war axe
 11330 | D:9      | Identified the +6 war axe of Tiky {flame, +Inv rPois rF+ rC-} (You found it on level 9 of the Dungeon)
 11939 | D:10     | Entered Level 10 of the Dungeon
 11939 | D:10     | Noticed a death yak
 11939 | D:10     | Noticed a death yak
 11941 | D:10     | Found a staircase to the Lair.
 11944 | D:10     | Noticed a death yak
 11945 | D:10     | Noticed a death yak
 12068 | Abyss:1  | Noticed a thrashing horror
 12081 | Abyss:1  | Banished a thrashing horror
 12098 | Abyss:1  | Noticed a green draconian
 12254 | Abyss:1  | Noticed a large abomination
 12261 | Abyss:1  | Noticed a thrashing horror
 12261 | Abyss:1  | Banished a thrashing horror
 12269 | Abyss:1  | Noticed a lich
 12271 | Abyss:1  | Noticed a starcursed mass
 12274 | Abyss:1  | Noticed a tentacled starspawn
 12275 | Abyss:1  | Noticed a smoke demon
 12280 | Abyss:1  | Noticed a large abomination
 12295 | Abyss:1  | Noticed an orange demon
 12340 | Abyss:1  | Noticed a large abomination
 12341 | Abyss:1  | Banished a large abomination
 12376 | Abyss:1  | Noticed an orange demon
 12404 | Abyss:1  | Killed an orange demon
 12618 | Abyss:1  | Noticed a lich
 12707 | Abyss:1  | Noticed a tentacled starspawn
 12707 | Abyss:1  | Noticed a starcursed mass
 12707 | Abyss:1  | Noticed a starcursed mass
 12713 | Abyss:1  | Noticed an orange demon
 12769 | Abyss:1  | Killed from afar by a ynoxinul

Skill      XL: |  1  2  3  4  5  6  7  8  9 10 |
---------------+-------------------------------+-----
Invocations    | 2 3 4 6 8 9 |  9.2
Dodging        | 4 5 6 7 9 10 | 10.9
Short Blades   | 3 4 5 6 7 8 |  8.3
Fighting       | 3 4 5 6 |  6.8
Hexes          | 2 4 |  4.7
Stealth        | 4 |  4.4

Action                   |  1- 3 |  4- 6 |  7- 9 | 10-12 || total
-------------------------+-------+-------+-------+-------++-------
Melee: Short sword       |   122 |   176 |   496 |   214 ||  1008
       Kick              |    28 |    38 |   144 |    68 ||   278
       Falchion          |       |       |    32 |       ||    32
Invok: Depart the Abyss  |     1 |       |       |       ||     1
       Banish            |       |       |     4 |    12 ||    16
       Bend Space        |       |       |       |     1 ||     1
       Enter the Abyss   |       |       |       |     1 ||     1
Evoke: Wand              |       |     7 |     2 |       ||     9
  Use: Scroll            |     8 |       |     6 |     4 ||    18
       Potion            |     3 |     5 |       |     3 ||    11
 Stab: Sleeping          |     1 |       |       |     1 ||     2
       Distracted        |       |       |     1 |     2 ||     3
  Eat: Ration            |       |       |     4 |     6 ||    10
Armor: Robe              |     7 |     7 |    30 |     9 ||    53
Dodge: Dodged            |    85 |   143 |   469 |   171 ||   868
       Rpst.: Falchion   |       |       |     5 |       ||     5
